Quickblade, chaotic female elven Rogue ---- --- --..--- ---.------ |.....---- --........--- --.....|.-- |...........- |........| |-.....--- ...- ---.....-| --*....-- --....*| |......| --...-- -----#......- --.-| --..|...|.---.- ---- |..| ---- ----...|I----- . |..| --..---..---.........--- -- --..-----......................- ----..............III..........--..| |.......------...../I.........-- --- |...................I.........--- -- -- ---....--------.................--.--.-- --...| --.--.=I......................--- |...--|......I.....--.|...............| --..<.|-....|.....------.......|......| ---..|---.---.---- |..--..--- -- -- ---- --- --- -------- Quickblade the Cutpurse Experience level: 5 Strength: 10 Dexterity: 17 Constitution: 16 Intelligence: 12 Wisdom: 12 Charisma: 8 Health: 0(42) Energy: 22(22) Def: 7 Gold: 132 Moves: 1552 Dungeon seed: q21_Ms2LZq4xEd3c Game ID: Quickblade_1437365722 Your Inventory: Coins $ - 132 gold pieces Weapons a - a +0 elven short sword t - 13 +0 elven daggers (wielded) Armor e - an uncursed +1 leather armor (being worn) n - an uncursed +0 dwarvish iron helm (being worn) r - an uncursed +0 pair of iron shoes (being worn) Comestibles o - 2 uncursed lichen corpses G - 2 uncursed food rations Rings C - an uncursed ring of cold resistance Wands v - a wand of enlightenment (0:14) F - a wand of light (0:14) Tools f - an uncursed sack g - an uncursed blindfold B - an uncursed magic whistle Contents of the sack: an uncursed scroll of identify an uncursed scroll of taming a cursed potion of gain ability a potion of holy water an uncursed potion of sickness 2 uncursed potions of water Spells and supernatural/magical abilities: Name Level Category Fail Memory W - pray for help -- divine ? -- Your skills at the end: Fighting Skills Weapon Skills dagger [Basic] short sword [Basic] Spellcasting Skills Final Attributes: You were piously aligned. You were sleep resistant. You were hallucinating. You were blinded. You had infravision. You were stealthy. You were a wererat. You are dead. Vanquished creatures: a small mimic a dwarf king a gnomish wizard a baby crocodile 2 dwarves a wererat 2 coyotes 2 hobgoblins 6 gnomes a gecko 5 jackals 2 goblins 2 sewer rats 3 grid bugs 3 lichens 4 newts and a partridge in a pear tree 37 creatures vanquished. Voluntary challenges: You used a wielded weapon 58 times, starting on turn 46. You were illiterate. You never genocided any monsters. You never polymorphed an object. You never changed form. You used no wishes. You never split a pudding. You never wrote Elbereth's name. You never violated your personal moral code. You abstained from Elbereth's help. Dungeon overview: The Dungeons of Doom: levels 1 to 2 Level 1 an altar to Kos, a fountain a long staircase Level 2 a delicatessen, a fountain stairs to The Gnomish Mines The Gnomish Mines: Level 3 <- You were here stairs to The Dungeons of Doom History has recorded: On T:1 you entered the Dungeons of Doom to retrieve the Amulet of Yendor! On T:345 you reached level 2 of The Dungeons of Doom. On T:410 you advanced to experience level 2. On T:649 you reached level 1 of The Gnomish Mines. On T:675 you advanced to experience level 3. On T:926 you advanced to experience level 4. On T:1331 you advanced to experience level 5. Score breakdown: Gold: 132 ( 13 points) Experience: 5 levels ( 400 points) Exploration: 3 levels ( 60 points) Discoveries: 9 items ( 450 points) Variety of kills: 16 monsters ( 800 points) Major goal: (nothing yet) ( 0 points) Survival: died (score multiplied by 3) Total score: 5169 Latest messages: You have a little trouble lifting F - an uncursed marble wand. You have a little trouble lifting B - an uncursed magic whistle. Your movements are slowed slightly because of your load. Your movements are now unencumbered. You try to feel what is lying here on the floor. You feel here a black gem. Something bites! (2x) You die... Final status: Goodbye Quickblade the Rogue, killed by a giant rat... You died in The Gnomish Mines on dungeon level 3 with 5169 points, and 132 pieces of gold, after 1552 moves. You were level 5 with a maximum of 42 hit points when you died.